SAN JOSE vs ST.LOUIS

Created - January-27-21 at 14:03

Goals
1 2 3 T
SAN JOSE 1 2 3 6
ST.LOUIS 1 0 0 1
Shots
1 2 3 T
SAN JOSE 6 8 9 23
ST.LOUIS 3 7 4 14

1st period

1. SAN JOSE , Kevin Hayes 8 (Ryan Pulock 13, Chris Kreider 5) at 0:25
2. ST.LOUIS , Ryan Getzlaf 4 (Johnny Gaudreau 5, Brayden McNabb 5) at 9:17

Penalties :
Brayden McNabb (STL) for Tripping (Minor) at 11:04

2nd period

3. SAN JOSE , David Savard 3 (Kevin Hayes 8, Ryan Pulock 14) at 2:03
4. SAN JOSE , Paul Stastny 4 (Ryan Pulock 15, Jake Allen) at 4:56 (PP)

Penalties :
Ryan Getzlaf (STL) for Hooking (Minor) at 3:46, Dustin Brown (SJ ) for Cross-checking (Minor) at 10:33, Brenden Dillon (STL) for Tripping (Minor) at 17:01, Brenden Dillon (STL) for Boarding (Major) at 19:17

3rd period

5. SAN JOSE , Kevin Hayes 9 (Ryan Pulock 16) at 1:20 (PP)
6. SAN JOSE , Paul Stastny 5 (Danny DeKeyser 7, Jakob Silfverberg 3) at 3:06 (PP)
7. SAN JOSE , Ryan Carpenter 3 (Corey Perry 1, Cody Ceci 3) at 18:20

Penalties :
MacKenzie Weegar (SJ ) for Roughing (Minor) at 14:55, Brian Boyle (SJ ) for Hooking (Minor) at 19:58

Goalie Stats

Jake Allen (SJ ), 13 saves from 14 shots - (0.929), W, 5-8-1, 60:00 minutes
Carter Hutton (STL), 17 saves from 23 shots - (0.739), L, 7-7-0, 60:00 minutes

Players Stats for SAN JOSE

Player Name              G  A  P  +/- PIM S  H  SB GA TA FO     MP     PP MP  PK MP  
------------------------------------------------------------------------------------
Brian Boyle              0  0  0   0  2   1  3  0  0  0  1/1    12:53   1:01   0:29 
Chris Kreider            0  1  1   2  0   1  0  0  0  0  2/8    21:34   5:08   1:50 
Cody Ceci                0  1  1   1  0   2  0  0  0  0  0/0    21:12   5:33   2:09 
Corey Perry              0  1  1   0  0   0  0  0  0  0  0/0     7:39   1:01   0:00 
Danny DeKeyser           0  1  1   1  0   1  2  2  0  0  0/0    21:12   5:33   2:09 
David Savard             1  0  1   1  0   2  1  0  0  0  0/0    23:40   3:33   1:50 
Dustin Brown             0  0  0   2  2   1  1  0  0  0  0/2    20:41   5:08   0:58 
Jakob Silfverberg        0  1  1   0  0   0  0  0  0  0  1/1    18:54   3:58   1:40 
Jesper Fast              0  0  0   0  0   2  1  0  0  0  0/0    12:25   1:01   0:00 
Jon Merrill              0  0  0   0  0   0  0  0  0  0  0/0    14:26   0:02   0:00 
Jordan Weal              0  0  0   0  0   0  0  0  0  0  6/8     6:38   0:00   0:00 
Kevin Hayes              2  1  3   2  0   6  0  0  0  0  9/15   21:34   5:08   1:50 
MacKenzie Weegar         0  0  0   0  2   0  2  0  0  0  0/0    15:07   1:01   0:00 
Paul Stastny             2  0  2   0  0   4  0  0  0  0  8/13   17:36   3:58   0:22 
Rickard Rakell           0  0  0   0  0   2  0  0  0  0  1/3    17:14   3:58   0:00 
Ryan Carpenter           1  0  1   0  0   1  2  0  0  0  1/1     6:38   0:00   0:00 
Ryan Dzingel             0  0  0   0  0   0  1  0  0  0  4/13   12:13   0:00   0:49 
Ryan Pulock              0  4  4   1  0   0  0  1  0  0  0/0    24:22   4:32   1:50 

Players Stats for ST.LOUIS

Player Name              G  A  P  +/- PIM S  H  SB GA TA FO     MP     PP MP  PK MP  
------------------------------------------------------------------------------------
Adam Fox                 0  0  0   0  0   0  0  0  0  0  0/0    18:24   0:00   4:14 
Andy Greene              0  0  0  -3  0   1  1  0  0  0  0/0    22:36   2:09   5:22 
Blake Lizotte            0  0  0   0  0   0  0  0  0  0  0/0     0:00   0:00   0:00 
Brayden McNabb           0  1  1   1  2   0  3  0  0  0  0/0    21:30   1:50   3:02 
Brenden Dillon           0  0  0   1  7   2  4  1  0  0  0/0    19:29   1:50   1:02 
Brett Connolly           0  0  0   0  0   1  2  0  0  0  0/0    11:51   0:00   0:00 
Brett Howden             0  0  0   0  0   0  1  0  0  0  3/6     7:34   0:00   0:00 
Carl Soderberg           0  0  0   0  0   1  1  0  0  0  5/11   13:38   0:00   1:47 
Darnell Nurse            0  0  0  -3  0   1  7  2  0  0  0/0    22:59   2:09   5:45 
Eric Fehr                0  0  0   0  0   0  0  0  0  0  0/0     0:00   0:00   0:00 
Jaden Schwartz           0  0  0  -1  0   0  1  0  0  0  1/4    18:40   1:53   3:55 
James Neal               0  0  0  -1  0   1  2  0  0  0  0/1    16:26   2:06   0:43 
Johnny Gaudreau          0  1  1  -1  0   2  0  0  0  0  2/8    21:12   2:06   5:29 
Joonas Donskoi           0  0  0   0  0   1  1  0  0  0  1/1    11:51   0:00   0:00 
Kevin Labanc             0  0  0  -1  0   2  3  0  0  0  1/2    14:45   1:53   0:00 
Neal Pionk               0  0  0   0  0   0  2  0  0  0  0/0    14:59   0:00   0:49 
Ryan Getzlaf             1  0  1  -1  2   1  0  0  0  0  7/15   20:07   2:06   4:25 
Ryan Johansen            0  0  0  -1  0   0  0  0  0  0  12/17  18:40   1:53   3:55 
Sam Gagner               0  0  0   0  0   1  1  0  0  0  0/0     7:34   0:00   0:00 
Tim Schaller             0  0  0   0  0   0  1  0  0  0  0/0     7:34   0:00   0:00 

3 Stars

1 - Kevin Hayes (SJ )
2 - Ryan Pulock (SJ )
3 - Paul Stastny (SJ )

Power Play

SAN JOSE - 3 on 6 Attempt(s) - 50.00%
ST.LOUIS - 0 on 3 Attempt(s) - 0.00%

Penalty Kill

SAN JOSE - 3 on 3 Attempt(s) - 100.00% - Score 0 goal in Penalty Kill
ST.LOUIS - 3 on 6 Attempt(s) - 50.00% - Score 0 goal in Penalty Kill

Team Stat

SAN JOSE - Hits : 13 - Faceoff Wins : 33 - Blocked Shots : 3 - Penalty Minutes : 6
ST.LOUIS - Hits : 30 - Faceoff Wins : 32 - Blocked Shots : 3 - Penalty Minutes : 11

Official

Referees : Jim Curtin and Francois St-Laurent
Linesman : Scott Driscoll and Ryan Galloway

Game Notes

No Game Note

Finance

Level 1 -- Attendance: 5609 (93.48%) -- Ticket Income $426,284
Level 2 -- Attendance: 4842 (96.84%) -- Ticket Income $266,310
Level 3 -- Attendance: 1923 (96.15%) -- Ticket Income $67,305
Level 4 -- Attendance: 3655 (91.38%) -- Ticket Income $73,100
Luxury Box -- Attendance: 988 (98.80%) -- Ticket Income $148,200
Game was played at the Scottrade Center.
Total Attendance: 17017 (94.54%)
Total Ticket Income: $981,199
Total Income: $981,199

SAN JOSE

5 vs 5 Forward 
   Center                   Left Wing                Right Wing               Time % Phy DF OF 
 1 Kevin Hayes              Chris Kreider            Dustin Brown             35     1   2  2  
 2 Paul Stastny             Rickard Rakell           Jakob Silfverberg        30     1   2  2  
 3 Ryan Dzingel             Brian Boyle              Jesper Fast              25     1   2  2  
 4 Jordan Weal              Ryan Carpenter           Corey Perry              10     1   2  2  

5 vs 5 Defense 
   Defense                  Defense                                           Time % Phy DF OF 
 1 Ryan Pulock              David Savard                                      35     1   2  2  
 2 Cody Ceci                Danny DeKeyser                                    30     1   2  2  
 3 MacKenzie Weegar         Jon Merrill                                       25     1   2  2  
 4 Ryan Pulock              David Savard                                      10     1   2  2  

PowerPlay Forward 
   Center                   Left Wing                Right Wing               Time % Phy DF OF 
 1 Kevin Hayes              Chris Kreider            Dustin Brown             60     1   2  2  
 2 Paul Stastny             Rickard Rakell           Jakob Silfverberg        40     1   2  2  

PowerPlay Defense
   Defense                  Defense                                           Time % Phy DF OF 
 1 Ryan Pulock              David Savard                                      60     1   2  2  
 2 Cody Ceci                Danny DeKeyser                                    40     1   2  2  

Penalty Kill 4 Players Forward 
   Center                   Wing                     Time % Phy DF OF 
 1 Chris Kreider            Kevin Hayes              60     1   2  2  
 2 Dustin Brown             Jakob Silfverberg        40     1   2  2  

Penalty Kill 4 Players Defense
   Defense                  Defense                  Time % Phy DF OF 
 1 Ryan Pulock              David Savard             60     1   2  2  
 2 Cody Ceci                Danny DeKeyser           40     1   2  2  

Penalty Kill - 3 Players Forward 
   Forward                                           Time % Phy DF OF 
 1 Chris Kreider                                     60     1   2  2  
 2 Kevin Hayes                                       40     1   2  2  

Penalty Kill - 3 Players Defense
   Defense                  Defense                  Time % Phy DF OF 
 1 Ryan Pulock              David Savard             60     1   2  2  
 2 Cody Ceci                Danny DeKeyser           40     1   2  2  

4 vs 4 Forward 
   Center                   Wing                     Time % Phy DF OF 
 1 Chris Kreider            Kevin Hayes              60     1   2  2  
 2 Dustin Brown             Jakob Silfverberg        40     1   2  2  

4 vs 4 Defense
   Defense                  Defense                  Time % Phy DF OF 
 1 Ryan Pulock              David Savard             60     1   2  2  
 2 Cody Ceci                Danny DeKeyser           40     1   2  2  

Last Minutes Offensive
   Center                   Left Wing                Right Wing               Defense                  Defense                  
   Kevin Hayes              Chris Kreider            Dustin Brown             Ryan Pulock              David Savard             

Last Minutes Defensive
   Center                   Left Wing                Right Wing               Defense                  Defense                  
   Kevin Hayes              Chris Kreider            Dustin Brown             Ryan Pulock              David Savard             

Goaltenders
Starting : Jake Allen               
Backup : Edward Pasquale          

Extra Forwards
Normal : Jesper Fast, Brian Boyle, Ryan Dzingel - PP : Jesper Fast, Brian Boyle - PK : Ryan Dzingel
Extra Defensemen
Normal : MacKenzie Weegar, Jon Merrill, Cody Ceci - PP : MacKenzie Weegar - PK : Jon Merrill, Cody Ceci
Penalty Shots
Chris Kreider, Kevin Hayes, Dustin Brown, Jakob Silfverberg, Rickard Rakell

Scratches
Braydon Coburn (Healthy), SJ Cap Hit (Suspend), Stefan Noesen (Healthy), Kyle Clifford (Healthy)

ST.LOUIS

5 vs 5 Forward 
   Center                   Left Wing                Right Wing               Time % Phy DF OF 
 1 Ryan Getzlaf             Johnny Gaudreau          James Neal               35     1   2  2  
 2 Ryan Johansen            Jaden Schwartz           Kevin Labanc             30     1   2  2  
 3 Carl Soderberg           Joonas Donskoi           Brett Connolly           25     1   2  2  
 4 Brett Howden             Tim Schaller             Sam Gagner               10     1   2  2  

5 vs 5 Defense 
   Defense                  Defense                                           Time % Phy DF OF 
 1 Darnell Nurse            Andy Greene                                       35     1   2  2  
 2 Brayden McNabb           Brenden Dillon                                    30     1   2  2  
 3 Neal Pionk               Adam Fox                                          25     1   2  2  
 4 Darnell Nurse            Andy Greene                                       10     1   2  2  

PowerPlay Forward 
   Center                   Left Wing                Right Wing               Time % Phy DF OF 
 1 Ryan Getzlaf             Johnny Gaudreau          James Neal               60     1   2  2  
 2 Ryan Johansen            Jaden Schwartz           Kevin Labanc             40     1   2  2  

PowerPlay Defense
   Defense                  Defense                                           Time % Phy DF OF 
 1 Darnell Nurse            Andy Greene                                       60     1   2  2  
 2 Brayden McNabb           Brenden Dillon                                    40     1   2  2  

Penalty Kill 4 Players Forward 
   Center                   Wing                     Time % Phy DF OF 
 1 Johnny Gaudreau          Ryan Getzlaf             60     1   2  2  
 2 Jaden Schwartz           Ryan Johansen            40     1   2  2  

Penalty Kill 4 Players Defense
   Defense                  Defense                  Time % Phy DF OF 
 1 Darnell Nurse            Andy Greene              60     1   2  2  
 2 Brayden McNabb           Brenden Dillon           40     1   2  2  

Penalty Kill - 3 Players Forward 
   Forward                                           Time % Phy DF OF 
 1 Johnny Gaudreau                                   60     1   2  2  
 2 Ryan Getzlaf                                      40     1   2  2  

Penalty Kill - 3 Players Defense
   Defense                  Defense                  Time % Phy DF OF 
 1 Darnell Nurse            Andy Greene              60     1   2  2  
 2 Brayden McNabb           Brenden Dillon           40     1   2  2  

4 vs 4 Forward 
   Center                   Wing                     Time % Phy DF OF 
 1 Johnny Gaudreau          Ryan Getzlaf             60     1   2  2  
 2 Jaden Schwartz           Ryan Johansen            40     1   2  2  

4 vs 4 Defense
   Defense                  Defense                  Time % Phy DF OF 
 1 Darnell Nurse            Andy Greene              60     1   2  2  
 2 Brayden McNabb           Brenden Dillon           40     1   2  2  

Last Minutes Offensive
   Center                   Left Wing                Right Wing               Defense                  Defense                  
   Ryan Getzlaf             Johnny Gaudreau          James Neal               Darnell Nurse            Andy Greene              

Last Minutes Defensive
   Center                   Left Wing                Right Wing               Defense                  Defense                  
   Ryan Getzlaf             Johnny Gaudreau          James Neal               Darnell Nurse            Andy Greene              

Goaltenders
Starting : Carter Hutton            
Backup : Elvis Merzlikins         

Extra Forwards
Normal : Eric Fehr, Blake Lizotte, Carl Soderberg - PP : Eric Fehr, Blake Lizotte - PK : Carl Soderberg
Extra Defensemen
Normal : Neal Pionk, Adam Fox, Brayden McNabb - PP : Neal Pionk - PK : Adam Fox, Brayden McNabb
Penalty Shots
Johnny Gaudreau, Ryan Getzlaf, Jaden Schwartz, Ryan Johansen, Carl Soderberg

Scratches
STL Cap Hit (Suspend), Nick Ritchie (Healthy)

% Time on Ice - SAN JOSE

Lines # - Real PCT - Wanted PCT - Time Play
Normal Forward
1 - 32% - 35% - 14:36
2 - 29% - 30% - 13:16
3 - 25% - 25% - 11:24
4 - 14% - 10% - 6:38
Normal Defense
1 - 35% - 35% - 15:56
2 - 29% - 30% - 13:30
3 - 31% - 25% - 14:24
4 - 5% - 10% - 2:04
PP Forward
1 - 51% - 60% - 5:08
2 - 49% - 40% - 4:59
PP Defense
1 - 45% - 60% - 4:32
2 - 55% - 40% - 5:35
PK Forward
1 - 58% - 60% - 2:19
2 - 42% - 40% - 1:40
PK Defense
1 - 46% - 60% - 1:50
2 - 54% - 40% - 2:09
PK3 Forward
1 - 0% - 60%
2 - 0% - 40%
PK3 Defense
1 - 0% - 60%
2 - 0% - 40%
44 Forward
1 - 0% - 60%
2 - 0% - 40%
44 Defense
1 - 0% - 60%
2 - 0% - 40%
Last Minute Offensive  - 0:00
Last Minute Defensive  - 0:00
Total
Forward - 60:00
Defense - 60:00

% Time on Ice - ST.LOUIS

Lines # - Real PCT - Wanted PCT - Time Play
Normal Forward
1 - 30% - 35% - 13:37
2 - 28% - 30% - 12:52
3 - 26% - 25% - 11:51
4 - 16% - 10% - 7:34
Normal Defense
1 - 31% - 35% - 14:16
2 - 36% - 30% - 16:39
3 - 31% - 25% - 14:10
4 - 2% - 10% - 0:49
PP Forward
1 - 53% - 60% - 2:06
2 - 47% - 40% - 1:53
PP Defense
1 - 54% - 60% - 2:09
2 - 46% - 40% - 1:50
PK Forward
1 - 61% - 60% - 6:12
2 - 39% - 40% - 3:55
PK Defense
1 - 48% - 60% - 4:50
2 - 52% - 40% - 5:17
PK3 Forward
1 - 0% - 60%
2 - 0% - 40%
PK3 Defense
1 - 0% - 60%
2 - 0% - 40%
44 Forward
1 - 0% - 60%
2 - 0% - 40%
44 Defense
1 - 0% - 60%
2 - 0% - 40%
Last Minute Offensive  - 0:00
Last Minute Defensive  - 0:00
Total
Forward - 60:00
Defense - 60:00

Play-by-Play

1st period


0:01 of 1st period - Ryan Getzlaf wins face-off versus Kevin Hayes in neutral zone.
0:19 of 1st period - Shot by Kevin Hayes.
0:19 of 1st period - Shot Blocked by Darnell Nurse.
0:25 of 1st period - Shot by Kevin Hayes.
0:25 of 1st period - Goal by Kevin Hayes - SAN JOSE : 1 - ST.LOUIS : 0.
0:26 of 1st period - Ryan Johansen wins face-off versus Paul Stastny in neutral zone.
0:31 of 1st period - Shot by Jakob Silfverberg.
0:31 of 1st period - Deflect By Rickard Rakell.
0:31 of 1st period - Shot Misses the Net.
1:07 of 1st period - Shot by Rickard Rakell.
1:07 of 1st period - Shot Misses the Net.
2:02 of 1st period - Icing by Neal Pionk.
2:03 of 1st period - Kevin Hayes wins face-off versus Carl Soderberg in ST.LOUIS zone.
3:28 of 1st period - Icing by Danny DeKeyser.
3:29 of 1st period - Jordan Weal wins face-off versus Brett Howden in SAN JOSE zone.
3:29 of 1st period - Cody Ceci is hit by Brett Howden and loses puck.
3:35 of 1st period - Icing by Cody Ceci.
3:36 of 1st period - Jordan Weal wins face-off versus Brett Howden in SAN JOSE zone.
5:39 of 1st period - Icing by Adam Fox.
5:40 of 1st period - Ryan Johansen wins face-off versus Ryan Dzingel in ST.LOUIS zone.
6:05 of 1st period - Brian Boyle is hit by Neal Pionk and loses puck.
6:11 of 1st period - Icing by Neal Pionk.
6:12 of 1st period - Ryan Johansen wins face-off versus Jordan Weal in ST.LOUIS zone.
6:18 of 1st period - Neal Pionk is hit by Ryan Carpenter.
6:32 of 1st period - Shot by Johnny Gaudreau.
6:32 of 1st period - Stopped by Jake Allen without a rebound.
6:33 of 1st period - Carl Soderberg wins face-off versus Rickard Rakell in SAN JOSE zone.
6:34 of 1st period - Shot by Joonas Donskoi.
6:34 of 1st period - Stopped by Jake Allen with a rebound.
7:08 of 1st period - Shot by Rickard Rakell.
7:08 of 1st period - Stopped by Carter Hutton with a rebound.
7:10 of 1st period - Shot by Jakob Silfverberg.
7:10 of 1st period - Shot Misses the Net.
7:47 of 1st period - Off-side.
7:48 of 1st period - Brett Howden wins face-off versus Ryan Dzingel in neutral zone.
7:51 of 1st period - Cody Ceci is hit by Tim Schaller and loses puck.
8:24 of 1st period - Sam Gagner is hit by Brian Boyle and loses puck.
8:57 of 1st period - Shot by Ryan Pulock.
8:57 of 1st period - Shot Misses the Net.
9:13 of 1st period - Shot by Johnny Gaudreau.
9:13 of 1st period - Shot Misses the Net.
9:17 of 1st period - Shot by Ryan Getzlaf.
9:17 of 1st period - Goal by Ryan Getzlaf - SAN JOSE : 1 - ST.LOUIS : 1.
9:18 of 1st period - Kevin Hayes wins face-off versus Ryan Johansen in neutral zone.
9:31 of 1st period - Jaden Schwartz is hit by MacKenzie Weegar.
9:39 of 1st period - Shot by Ryan Johansen.
9:39 of 1st period - Shot Misses the Net.
10:12 of 1st period - Icing by Joonas Donskoi.
10:13 of 1st period - Paul Stastny wins face-off versus Carl Soderberg in ST.LOUIS zone.
10:17 of 1st period - Jakob Silfverberg is hit by Brayden McNabb and loses puck.
10:27 of 1st period - Icing by Brenden Dillon.
10:28 of 1st period - Ryan Dzingel wins face-off versus Carl Soderberg in ST.LOUIS zone.
10:59 of 1st period - Brian Boyle is hit by Brenden Dillon.
11:04 of 1st period - Minor Penalty to Brayden McNabb for Tripping.
11:05 of 1st period - Paul Stastny wins face-off versus Johnny Gaudreau in ST.LOUIS zone.
11:27 of 1st period - Shot by Rickard Rakell.
11:27 of 1st period - Stopped by Carter Hutton without a rebound.
11:28 of 1st period - Kevin Hayes wins face-off versus Johnny Gaudreau in ST.LOUIS zone.
11:32 of 1st period - Dustin Brown is hit by Darnell Nurse and loses puck.
13:11 of 1st period - Shot by Brian Boyle.
13:11 of 1st period - Shot Misses the Net.
13:13 of 1st period - Shot by Jesper Fast.
13:13 of 1st period - Shot Misses the Net.
13:23 of 1st period - Shot by Ryan Dzingel.
13:23 of 1st period - Shot Misses the Net.
13:25 of 1st period - Shot by MacKenzie Weegar.
13:25 of 1st period - Shot Misses the Net.
14:07 of 1st period - Corey Perry is hit by Andy Greene and loses puck.
14:19 of 1st period - Icing by Andy Greene.
14:20 of 1st period - Kevin Hayes wins face-off versus Carl Soderberg in ST.LOUIS zone.
14:20 of 1st period - Chris Kreider is hit by Darnell Nurse and loses puck.
14:54 of 1st period - Shot by Kevin Hayes.
14:54 of 1st period - Shot Misses the Net.
14:57 of 1st period - Icing by Darnell Nurse.
14:58 of 1st period - Rickard Rakell wins face-off versus Carl Soderberg in ST.LOUIS zone.
14:58 of 1st period - Rickard Rakell is hit by Darnell Nurse.
15:09 of 1st period - Rickard Rakell is hit by Darnell Nurse and loses puck.
16:03 of 1st period - Shot by Johnny Gaudreau.
16:03 of 1st period - Shot Misses the Net.
16:40 of 1st period - Rickard Rakell is hit by Brayden McNabb and loses puck.
17:25 of 1st period - Shot by Chris Kreider.
17:25 of 1st period - Shot Misses the Net.
17:35 of 1st period - Shot by Kevin Hayes.
17:35 of 1st period - Stopped by Carter Hutton without a rebound.
17:36 of 1st period - Brett Howden wins face-off versus Ryan Dzingel in ST.LOUIS zone.
17:49 of 1st period - Shot by Ryan Dzingel.
17:49 of 1st period - Shot Misses the Net.
18:11 of 1st period - Shot by Jesper Fast.
18:11 of 1st period - Shot Misses the Net.
18:13 of 1st period - Shot by Ryan Dzingel.
18:13 of 1st period - Shot Misses the Net.
18:15 of 1st period - Shot by Danny DeKeyser.
18:15 of 1st period - Stopped by Carter Hutton without a rebound.
18:16 of 1st period - Jordan Weal wins face-off versus Jaden Schwartz in ST.LOUIS zone.
18:26 of 1st period - Icing by Kevin Labanc.
18:27 of 1st period - Ryan Johansen wins face-off versus Chris Kreider in ST.LOUIS zone.
18:34 of 1st period - Shot by Kevin Hayes.
18:34 of 1st period - Deflect By Dustin Brown.
18:34 of 1st period - Stopped by Carter Hutton without a rebound.
18:35 of 1st period - Ryan Getzlaf wins face-off versus Kevin Hayes in ST.LOUIS zone.
19:10 of 1st period - Icing by Ryan Pulock.
19:11 of 1st period - Ryan Johansen wins face-off versus Kevin Hayes in SAN JOSE zone.
19:46 of 1st period - Brayden McNabb is hit by Dustin Brown and loses puck.
Goals for this period are 1 for SAN JOSE vs 1 for ST.LOUIS.
Shots for this period are 6 for SAN JOSE vs 3 for ST.LOUIS.

2nd period


0:01 of 2nd period - Paul Stastny wins face-off versus Ryan Getzlaf in neutral zone.
0:26 of 2nd period - Shot by Darnell Nurse.
0:26 of 2nd period - Stopped by Jake Allen without a rebound.
0:27 of 2nd period - Kevin Labanc wins face-off versus Chris Kreider in SAN JOSE zone.
0:45 of 2nd period - Shot by Kevin Labanc.
0:45 of 2nd period - Stopped by Jake Allen without a rebound.
0:46 of 2nd period - Brian Boyle wins face-off versus Carl Soderberg in SAN JOSE zone.
0:46 of 2nd period - Brian Boyle is hit by Brett Connolly.
0:53 of 2nd period - Jesper Fast is hit by Darnell Nurse and loses puck.
1:02 of 2nd period - Shot by Brian Boyle.
1:02 of 2nd period - Stopped by Carter Hutton without a rebound.
1:03 of 2nd period - Paul Stastny wins face-off versus Ryan Getzlaf in ST.LOUIS zone.
1:03 of 2nd period - Paul Stastny is hit by Brayden McNabb.
1:10 of 2nd period - Icing by Johnny Gaudreau.
1:11 of 2nd period - Ryan Getzlaf wins face-off versus Paul Stastny in ST.LOUIS zone.
1:34 of 2nd period - Off-side.
1:35 of 2nd period - Ryan Johansen wins face-off versus Kevin Hayes in neutral zone.
1:48 of 2nd period - Kevin Hayes is hit by Darnell Nurse and loses puck.
2:01 of 2nd period - Shot by Kevin Hayes.
2:01 of 2nd period - Shot Misses the Net.
2:03 of 2nd period - Shot by David Savard.
2:03 of 2nd period - Goal by David Savard - SAN JOSE : 2 - ST.LOUIS : 1.
2:04 of 2nd period - Ryan Dzingel wins face-off versus Ryan Getzlaf in neutral zone.
2:17 of 2nd period - Adam Fox is hit by Danny DeKeyser and loses puck.
2:25 of 2nd period - Icing by Danny DeKeyser.
2:26 of 2nd period - Carl Soderberg wins face-off versus Ryan Dzingel in SAN JOSE zone.
2:33 of 2nd period - Shot by Brett Connolly.
2:33 of 2nd period - Shot Misses the Net.
2:51 of 2nd period - Shot by Brett Connolly.
2:51 of 2nd period - Stopped by Jake Allen without a rebound.
2:52 of 2nd period - Jakob Silfverberg wins face-off versus James Neal in SAN JOSE zone.
2:52 of 2nd period - Jakob Silfverberg is hit by James Neal.
3:24 of 2nd period - Shot by James Neal.
3:24 of 2nd period - Shot Misses the Net.
3:46 of 2nd period - Minor Penalty to Ryan Getzlaf for Hooking.
3:47 of 2nd period - Kevin Hayes wins face-off versus Jaden Schwartz in ST.LOUIS zone.
4:56 of 2nd period - Shot by Paul Stastny.
4:56 of 2nd period - Goal by Paul Stastny - SAN JOSE : 3 - ST.LOUIS : 1.
4:57 of 2nd period - Ryan Dzingel wins face-off versus Ryan Johansen in neutral zone.
5:04 of 2nd period - Shot by Jesper Fast.
5:04 of 2nd period - Stopped by Carter Hutton without a rebound.
5:05 of 2nd period - Ryan Johansen wins face-off versus Ryan Dzingel in ST.LOUIS zone.
5:05 of 2nd period - Ryan Johansen is hit by Ryan Dzingel.
5:08 of 2nd period - Neal Pionk is hit by Brian Boyle.
5:37 of 2nd period - Ryan Dzingel is hit by Kevin Labanc and loses puck.
6:00 of 2nd period - Shot by Kevin Hayes.
6:00 of 2nd period - Deflect By Dustin Brown.
6:00 of 2nd period - Shot Misses the Net.
6:04 of 2nd period - Shot by Chris Kreider.
6:04 of 2nd period - Stopped by Carter Hutton with a rebound.
6:22 of 2nd period - Chris Kreider is hit by Neal Pionk and loses puck.
6:38 of 2nd period - Icing by Ryan Pulock.
6:39 of 2nd period - Carl Soderberg wins face-off versus Chris Kreider in SAN JOSE zone.
7:45 of 2nd period - Icing by Brayden McNabb.
7:46 of 2nd period - Ryan Getzlaf wins face-off versus Ryan Dzingel in ST.LOUIS zone.
7:53 of 2nd period - James Neal is hit by Brian Boyle.
8:25 of 2nd period - Shot by Sam Gagner.
8:25 of 2nd period - Stopped by Jake Allen without a rebound.
8:26 of 2nd period - Paul Stastny wins face-off versus Brett Howden in SAN JOSE zone.
8:59 of 2nd period - Shot by Paul Stastny.
8:59 of 2nd period - Stopped by Carter Hutton without a rebound.
9:00 of 2nd period - Jordan Weal wins face-off versus Ryan Johansen in ST.LOUIS zone.
9:10 of 2nd period - Icing by Jon Merrill.
9:11 of 2nd period - Ryan Carpenter wins face-off versus Ryan Getzlaf in SAN JOSE zone.
10:33 of 2nd period - Minor Penalty to Dustin Brown for Cross-checking.
10:34 of 2nd period - Ryan Johansen wins face-off versus Chris Kreider in SAN JOSE zone.
10:37 of 2nd period - Shot by Kevin Labanc.
10:37 of 2nd period - Stopped by Jake Allen with a rebound.
10:39 of 2nd period - Shot by Darnell Nurse.
10:39 of 2nd period - Shot Blocked by Danny DeKeyser.
10:55 of 2nd period - Shot by Andy Greene.
10:55 of 2nd period - Stopped by Jake Allen without a rebound.
10:56 of 2nd period - Ryan Getzlaf wins face-off versus Ryan Dzingel in SAN JOSE zone.
12:19 of 2nd period - Shot by Brenden Dillon.
12:19 of 2nd period - Shot Misses the Net.
12:21 of 2nd period - Shot by James Neal.
12:21 of 2nd period - Stopped by Jake Allen without a rebound.
12:22 of 2nd period - Ryan Johansen wins face-off versus Chris Kreider in SAN JOSE zone.
12:54 of 2nd period - Ryan Carpenter is hit by Brett Connolly and loses puck.
12:58 of 2nd period - MacKenzie Weegar is hit by Joonas Donskoi and loses puck.
13:04 of 2nd period - Off-side.
13:05 of 2nd period - Brett Howden wins face-off versus Rickard Rakell in neutral zone.
13:13 of 2nd period - David Savard is hit by Sam Gagner and loses puck.
13:59 of 2nd period - Icing by Brayden McNabb.
14:00 of 2nd period - Kevin Hayes wins face-off versus Ryan Getzlaf in ST.LOUIS zone.
14:30 of 2nd period - Ryan Getzlaf is hit by Danny DeKeyser and loses puck.
15:02 of 2nd period - Shot by Brian Boyle.
15:02 of 2nd period - Shot Misses the Net.
15:04 of 2nd period - Shot by Jesper Fast.
15:04 of 2nd period - Shot Misses the Net.
15:47 of 2nd period - David Savard is hit by Jaden Schwartz and loses puck.
15:55 of 2nd period - Icing by Jakob Silfverberg.
15:56 of 2nd period - Carl Soderberg wins face-off versus Paul Stastny in SAN JOSE zone.
17:01 of 2nd period - Minor Penalty to Brenden Dillon for Tripping.
17:02 of 2nd period - Johnny Gaudreau wins face-off versus Dustin Brown in ST.LOUIS zone.
17:32 of 2nd period - Shot by Cody Ceci.
17:32 of 2nd period - Stopped by Carter Hutton with a rebound.
19:02 of 2nd period - Rickard Rakell is hit by Brenden Dillon and loses puck.
19:11 of 2nd period - Brayden McNabb is hit by David Savard.
19:16 of 2nd period - Jon Merrill is hit by Brenden Dillon and loses puck.
19:17 of 2nd period - Major Penalty to Brenden Dillon for Boarding.
19:18 of 2nd period - Paul Stastny wins face-off versus Johnny Gaudreau in ST.LOUIS zone.
19:31 of 2nd period - Shot by Paul Stastny.
19:31 of 2nd period - Stopped by Carter Hutton without a rebound.
19:32 of 2nd period - Kevin Hayes wins face-off versus Johnny Gaudreau in ST.LOUIS zone.
Goals for this period are 2 for SAN JOSE vs 0 for ST.LOUIS.
Shots for this period are 8 for SAN JOSE vs 7 for ST.LOUIS.

3rd period


0:01 of 3rd period - Kevin Hayes wins face-off versus Johnny Gaudreau in neutral zone.
0:24 of 3rd period - Shot by David Savard.
0:24 of 3rd period - Stopped by Carter Hutton without a rebound.
0:25 of 3rd period - Ryan Getzlaf wins face-off versus Paul Stastny in ST.LOUIS zone.
0:48 of 3rd period - Shot by Cody Ceci.
0:48 of 3rd period - Stopped by Carter Hutton without a rebound.
0:49 of 3rd period - Johnny Gaudreau wins face-off versus Kevin Hayes in ST.LOUIS zone.
1:18 of 3rd period - Shot by Kevin Hayes.
1:18 of 3rd period - Stopped by Carter Hutton with a rebound.
1:20 of 3rd period - Shot by Kevin Hayes.
1:20 of 3rd period - Goal by Kevin Hayes - SAN JOSE : 4 - ST.LOUIS : 1.
1:21 of 3rd period - Paul Stastny wins face-off versus Jaden Schwartz in neutral zone.
3:00 of 3rd period - Shot by Jakob Silfverberg.
3:00 of 3rd period - Shot Misses the Net.
3:02 of 3rd period - Shot by Danny DeKeyser.
3:02 of 3rd period - Shot Misses the Net.
3:04 of 3rd period - Shot by Danny DeKeyser.
3:04 of 3rd period - Shot Misses the Net.
3:06 of 3rd period - Shot by Paul Stastny.
3:06 of 3rd period - Goal by Paul Stastny - SAN JOSE : 5 - ST.LOUIS : 1.
3:07 of 3rd period - Jaden Schwartz wins face-off versus Paul Stastny in neutral zone.
3:30 of 3rd period - Shot by Jakob Silfverberg.
3:30 of 3rd period - Shot Misses the Net.
4:00 of 3rd period - Shot by Kevin Hayes.
4:00 of 3rd period - Shot Blocked by Darnell Nurse.
4:19 of 3rd period - Off-side.
4:20 of 3rd period - Joonas Donskoi wins face-off versus Ryan Dzingel in neutral zone.
5:06 of 3rd period - Brenden Dillon is hit by MacKenzie Weegar and loses puck.
5:25 of 3rd period - Brayden McNabb is hit by Ryan Carpenter and loses puck.
5:45 of 3rd period - Ryan Carpenter is hit by Darnell Nurse.
5:55 of 3rd period - Shot by Johnny Gaudreau.
5:55 of 3rd period - Stopped by Jake Allen with a rebound.
6:43 of 3rd period - Shot by Jakob Silfverberg.
6:43 of 3rd period - Shot Misses the Net.
6:45 of 3rd period - Shot by Jakob Silfverberg.
6:45 of 3rd period - Shot Misses the Net.
7:10 of 3rd period - Shot by Kevin Hayes.
7:10 of 3rd period - Stopped by Carter Hutton without a rebound.
7:11 of 3rd period - Ryan Johansen wins face-off versus Ryan Dzingel in ST.LOUIS zone.
8:23 of 3rd period - Shot by Dustin Brown.
8:23 of 3rd period - Shot Misses the Net.
8:32 of 3rd period - Kevin Hayes is hit by Brenden Dillon and loses puck.
8:51 of 3rd period - Shot by Brett Connolly.
8:51 of 3rd period - Shot Misses the Net.
8:57 of 3rd period - Shot by Carl Soderberg.
8:57 of 3rd period - Stopped by Jake Allen without a rebound.
8:58 of 3rd period - Jordan Weal wins face-off versus Ryan Johansen in SAN JOSE zone.
8:58 of 3rd period - Jordan Weal is hit by Kevin Labanc.
9:01 of 3rd period - Icing by Jon Merrill.
9:02 of 3rd period - Jordan Weal wins face-off versus Kevin Labanc in SAN JOSE zone.
9:35 of 3rd period - Shot by Ryan Johansen.
9:35 of 3rd period - Shot Misses the Net.
9:53 of 3rd period - Kevin Hayes is hit by Kevin Labanc and loses puck.
11:36 of 3rd period - Shot by Johnny Gaudreau.
11:36 of 3rd period - Shot Misses the Net.
11:44 of 3rd period - Shot by Ryan Getzlaf.
11:44 of 3rd period - Shot Misses the Net.
11:46 of 3rd period - Shot by Darnell Nurse.
11:46 of 3rd period - Shot Misses the Net.
11:48 of 3rd period - Shot by Ryan Getzlaf.
11:48 of 3rd period - Shot Misses the Net.
12:53 of 3rd period - MacKenzie Weegar is hit by Carl Soderberg and loses puck.
13:02 of 3rd period - Shot by Jesper Fast.
13:02 of 3rd period - Stopped by Carter Hutton without a rebound.
13:03 of 3rd period - Kevin Hayes wins face-off versus Ryan Getzlaf in ST.LOUIS zone.
13:33 of 3rd period - Shot by Dustin Brown.
13:33 of 3rd period - Shot Misses the Net.
14:03 of 3rd period - Shot by Brett Howden.
14:03 of 3rd period - Shot Blocked by Danny DeKeyser.
14:50 of 3rd period - Off-side.
14:51 of 3rd period - Carl Soderberg wins face-off versus Jordan Weal in neutral zone.
14:55 of 3rd period - Minor Penalty to MacKenzie Weegar for Roughing.
14:56 of 3rd period - Ryan Dzingel wins face-off versus Johnny Gaudreau in SAN JOSE zone.
14:56 of 3rd period - Ryan Dzingel is hit by James Neal.
15:10 of 3rd period - Shot by Johnny Gaudreau.
15:10 of 3rd period - Shot Hit the Post.
15:12 of 3rd period - Shot by Ryan Getzlaf.
15:12 of 3rd period - Shot Misses the Net.
15:27 of 3rd period - Shot by Brenden Dillon.
15:27 of 3rd period - Stopped by Jake Allen without a rebound.
15:28 of 3rd period - Ryan Johansen wins face-off versus Dustin Brown in SAN JOSE zone.
16:23 of 3rd period - Shot by Brayden McNabb.
16:23 of 3rd period - Shot Blocked by Ryan Pulock.
16:25 of 3rd period - Shot by Brenden Dillon.
16:25 of 3rd period - Stopped by Jake Allen without a rebound.
16:26 of 3rd period - Ryan Getzlaf wins face-off versus Chris Kreider in SAN JOSE zone.
16:31 of 3rd period - Shot by Ryan Getzlaf.
16:31 of 3rd period - Shot Misses the Net.
16:37 of 3rd period - Shot by Danny DeKeyser.
16:37 of 3rd period - Shot Blocked by Brenden Dillon.
16:39 of 3rd period - Shot by Kevin Hayes.
16:39 of 3rd period - Stopped by Carter Hutton without a rebound.
16:40 of 3rd period - Chris Kreider wins face-off versus Ryan Getzlaf in ST.LOUIS zone.
17:43 of 3rd period - Neal Pionk is hit by Jesper Fast and loses puck.
18:20 of 3rd period - Shot by Ryan Carpenter.
18:20 of 3rd period - Goal by Ryan Carpenter - SAN JOSE : 6 - ST.LOUIS : 1.
18:21 of 3rd period - Ryan Johansen wins face-off versus Kevin Hayes in neutral zone.
19:07 of 3rd period - Icing by Brenden Dillon.
19:08 of 3rd period - Paul Stastny wins face-off versus Ryan Johansen in ST.LOUIS zone.
19:09 of 3rd period - Shot by Jakob Silfverberg.
19:09 of 3rd period - Shot Misses the Net.
19:58 of 3rd period - Minor Penalty to Brian Boyle for Hooking.
19:59 of 3rd period - Chris Kreider wins face-off versus Ryan Getzlaf in SAN JOSE zone.
Goals for this period are 3 for SAN JOSE vs 0 for ST.LOUIS.
Shots for this period are 9 for SAN JOSE vs 4 for ST.LOUIS.